 Dungeon Crawl Stone Soup version 0.30-a0-591-g3c58d2bc28 (webtiles) character file.

Game seed: 1258659482944222561

32 spardeous the Ducker (level 3, -1/14 HPs)
             Began as a Felid Earth Elementalist on Jan 6, 2023.
             Shot with a sling bullet by a hobgoblin (9 damage)
             ... on level 3 of the Dungeon.
             The game lasted 00:00:57 (520 turns).

spardeous the Ducker (Felid Earth Elementalist)      Turns: 520, Time: 00:00:57

Health: -1/14      AC:  1    Str:  4    XL:     3   Next: 10%
Magic:  2/7        EV: 19    Int: 18    God:
Gold:   33         SH:  0    Dex: 22    Spells: 5/6 levels left
                                        Lives:  0   Deaths: 0

rFire   . . .      SeeInvis +    (weapon unavailable)
rCold   . . .      Faith    .    (shield unavailable)
rNeg    . . .      Spirit   .    (body armour unavailable)
rPois   .          Reflect  .    (helmet unavailable)
rElec   .          Harm     .    (cloak unavailable)
rCorr   .          Rampage  .    (gloves unavailable)
Will    .....                    (boots unavailable)
Stlth   +++                      (no amulet)
HPRegen 0.22/turn                c - +6 ring of dexterity
MPRegen 0.10/turn                (no ring)

@: very slightly contaminated, quick
A: very small, claws 1, fangs 3, see invisible, speed 1, shaggy fur 1, stealthy
paws, no weapons or thrown items, no armour, multi-lived
a: no special abilities


You were on level 3 of the Dungeon.
You visited 1 branch of the dungeon, and saw 3 of its levels.

You collected 33 gold pieces.

Inventory:

Jewellery
 c - a +6 ring of dexterity (left paw)
Wands
 b - a wand of iceblast (7)
Potions
 a - a potion of magic
 d - a potion of flight {unknown}


   Skills:
 + Level 3.9 Dodging
 - Level 2.6 Stealth
 - Level 2.0 Spellcasting
 - Level 1.1 Transmutations
 + Level 3.3 Earth Magic


You had 5 spell levels left.
You knew the following spells:

 Your Spells              Type           Power      Damage    Failure   Level
a - Sandblast             Erth           26%        2d8       4%          1

Your spell library contained the following spells:

 Spells                   Type           Power      Damage    Failure   Level
 Passwall                 Tmut/Erth      7%         N/A       11%         2
 Apportation              Tloc           2%         N/A       19%         1
 Stone Arrow              Conj/Erth      14%        3d7       26%         3
 Petrify                  Tmut/Erth      9%         N/A       58%         4
 Alistair's Intoxication  Tmut/Pois      2%         N/A       99%         5


Dungeon Overview and Level Annotations

Branches:
Dungeon (3/15)

Altars:
Nemelex Xobeh


Innate Abilities, Weirdness & Mutations

You have sharp claws.
You have razor-sharp teeth.
You have supernaturally acute eyesight. (SInv)
You cover ground quickly. (Speed+)
You are covered in fur. (AC +1)
Your paws help you pounce on unaware monsters.
You are incapable of wielding weapons or throwing items.
You cannot wear armour.
You gain extra lives every three experience levels.


Message History

Aim: a hobgoblin, wielding a +0 sling, wearing a +0 chain mail and quivering poisoned darts (wandering, hasn't noticed you, 87% to hit)
The blast of sand hits the hobgoblin but does no damage.
The hobgoblin shouts!
The hobgoblin shoots a sling bullet.
The sling bullet hits you.
The hobgoblin shoots a sling bullet.
The sling bullet misses you.
Casting: Sandblast (safe; 4% risk of failure)
Confirm with . or Enter, or press ? or * to list all spells.
Aiming: Sandblast (safe; 4% risk of failure)
Press: ? - help, Shift-Dir - straight line, f/p - hobgoblin
Aim: a hobgoblin, wielding a +0 sling, wearing a +0 chain mail and quivering poisoned darts (87% to hit)
You miscast Sandblast.
You are very lightly contaminated with residual magic.
Nothing appears to happen.
The hobgoblin shoots a sling bullet.
The sling bullet barely misses you.
Casting: Sandblast (safe; 4% risk of failure)
Confirm with . or Enter, or press ? or * to list all spells.
Aiming: Sandblast (safe; 4% risk of failure)
Press: ? - help, Shift-Dir - straight line, f/p - hobgoblin
Aim: a hobgoblin, wielding a +0 sling, wearing a +0 chain mail and quivering poisoned darts (87% to hit)
The blast of sand hits the giant cockroach.
The giant cockroach is almost dead.
The giant cockroach bites you.
Casting: Sandblast (safe; 4% risk of failure)
Confirm with . or Enter, or press ? or * to list all spells.
Aiming: Sandblast (safe; 4% risk of failure)
Press: ? - help, Shift-Dir - straight line, f/p - hobgoblin
Aim: a hobgoblin, wielding a +0 sling, wearing a +0 chain mail and quivering poisoned darts (87% to hit)
The blast of sand hits the giant cockroach.
You kill the giant cockroach!
The hobgoblin shoots a sling bullet.
The sling bullet barely misses you.
The hobgoblin shoots a sling bullet.
The sling bullet barely misses you.
Casting: Sandblast (safe; 4% risk of failure)
Confirm with . or Enter, or press ? or * to list all spells.
Aiming: Sandblast (safe; 4% risk of failure)
Press: ? - help, Shift-Dir - straight line, f/p - hobgoblin
Aim: a hobgoblin, wielding a +0 sling, wearing a +0 chain mail and quivering poisoned darts (87% to hit)
The blast of sand hits the hobgoblin but does no damage.
The hobgoblin shoots a sling bullet.
The sling bullet hits you!
Ouch! That really hurt!
You die...

##........#.....###
#.............##
#..#.....###.##
#..#.....# ..
#......### #.#....#
#.#.##.# #.#.##.#
#.#@##.# .#..†..#
#)#g#### ...... ...
.⌠. ......_..# ....
⌠.⌠.. .........#


You could see a hobgoblin.

Vanquished Creatures
  An adder (D:3)
  A dart slug (D:3)
  An orc (D:3)
  2 ball pythons (D:3)
  A bat (D:3)
  An endoplasm (D:2)
  2 giant cockroaches (D:3)
  4 hobgoblins
  4 kobolds (D:3)
  A rat (D:3)
18 creatures vanquished.

Notes
Turn   | Place    | Note
-------+----------+-------------------------------------------
     0 | D:1      | spardeous the Felid Earth Elementalist began the quest for
                  | the Orb.
     0 | D:1      | Reached XP level 1. HP: 7/7 MP: 4/4
   194 | D:3      | Reached XP level 2. HP: 11/11 MP: 4/6
   386 | D:3      | Reached XP level 3. HP: 13/14 MP: 3/7
   511 | D:3      | Found a sparkling altar of Nemelex Xobeh.
   520 | D:3      | Shot with a sling bullet by a hobgoblin

Illustrated notes

Levels and vault maps discovered:
D:1:      wander_arrival_desolate, layout_loops_corners, minmay_cupped
D:2:      layout_basic, uniq_robin
D:3:      layout_loops_ring, nemelex_xobeh_ov_fountains_minmay

Skill      XL: |  1 |
---------------+----+-----
Dodging        | 3 |  3.9
Earth Magic    | 3 |  3.3
Stealth        | |  2.6
Spellcasting   | |  2.0
Transmutations | |  1.1

Action                   || total
-------------------------++-------
 Cast: Sandblast         ||    31
Armor: Skin              ||     1
Dodge: Dodged            ||    14

Table legend: (Time is in decaauts)
 A = Elapsed time spent in this place.
 B = Non-inter-level travel time spent in this place.
 C = Inter-level travel time spent in this place.
 D = Time resting spent in this place.
 E = Time spent auto-exploring this place.
 F = Levels seen in this place.
 G = Mean time per level.
                   A        B        C        D        E       F      G
               +--------+--------+--------+--------+--------+-----+--------+
         Total |    489 |    489 |      0 |     19 |    357 |   3 |  163.0 |
       Dungeon |    489 |    489 |      0 |     19 |    357 |   3 |  163.0 |
               +--------+--------+--------+--------+--------+-----+--------+

Top non-repeatable levels by time:
     D:3: 439 daAuts
     D:2: 48 daAuts
     D:1: 1 daAuts
